 Dungeon Crawl Stone Soup version 0.28.0 (webtiles) character file.

Game seed: 14307925554789432814

5199 Baz the Covert (level 10, -1/45 (51) HPs)
             Began as a Spriggan Summoner on Feb 14, 2022.
             Was an Elder of Dithmenos.
             Slain by a basilisk (4 damage)
             ... while petrified by a basilisk
             ... on level 9 of the Dungeon.
             The game lasted 00:30:31 (12862 turns).

Baz the Covert (Spriggan Summoner)                 Turns: 12862, Time: 00:30:31

HP:   -1/45 (51)    AC:  5    Str: 10    XL:     10   Next: 34%
MP:   14/18         EV:  4    Int: 17    God:    Dithmenos [****..]
Gold: 372           SH:  0    Dex: 20    Spells: 6/19 levels left

rFire   + . .      SeeInvis +   f - +1 dagger (venom)
rCold   . . .      Faith    .   (no shield)
rNeg    + + +      Spirit   .   F - +2 robe {rF+}
rPois   ∞          Reflect  .   (helmet restricted)
rElec   .          Harm     .   D - +0 cloak
rCorr   .          Rampage  .   (gloves unavailable)
Will    +....                   (boots unavailable)
Stlth   +++++++++.              (no amulet)
HPRegen 0.15/turn               d - +6 ring of dexterity
MPRegen 0.16/turn               e - ring of poison resistance

@: petrified, wreathed by umbra, heavily drained, very quick
A: very small, no large weapons, unfitting armour, see invisible, speed 3,
clumsy 1, mutation resistance 1, strong 1
a: Renounce Religion, Shadow Step


You were on level 9 of the Dungeon.
You worshipped Dithmenos.
Dithmenos was greatly pleased with you.
You visited 1 branch of the dungeon, and saw 9 of its levels.
You also visited: Sewer.

You collected 414 gold pieces.
You spent 42 gold pieces at shops.

Inventory:

Hand Weapons
 f - a +1 dagger of venom (weapon)
 h - the +9 hunting sling "Tenteapt" {venom, Fragile rF+++ rC- Str+3}
   (You found it on level 2 of the Dungeon)

   Any ammunition fired from it poisons the flesh of those it strikes.
   Str:       It affects your strength (+3).
   rF:        It renders you almost immune to fire.
   rC:        It makes you vulnerable to cold.
   Fragile:   It will be destroyed if unequipped.
 G - a +4 short sword
Armour
 u - a scarf of resistance
 x - a +2 robe
 D - a +0 cloak (worn)
 F - a +2 robe of fire resistance (worn)
Jewellery
 d - a +6 ring of dexterity (left hand)
 e - a ring of poison resistance (right hand)
Wands
 i - a wand of iceblast (17)
 w - a wand of digging (4)
 A - a wand of polymorph (4)
Scrolls
 c - 3 scrolls of identify
 j - a scroll of blinking {unknown}
 m - 3 scrolls of fear
 n - a scroll of brand weapon {unknown}
 o - 2 scrolls of amnesia {unknown}
 p - a scroll of fog {unknown}
 r - a scroll of teleportation
 t - a scroll of holy word {unknown}
 v - a scroll of magic mapping
 y - 3 scrolls of summoning {unknown}
 B - 2 scrolls of immolation {unknown}
 C - 2 scrolls of vulnerability {unknown}
Potions
 b - a potion of degeneration {unknown}
 g - 2 potions of curing
 k - a potion of might {unknown}
 l - a potion of invisibility {unknown}
 z - 2 potions of flight {unknown}
 E - 2 potions of heal wounds {unknown}


   Skills:
 + Level 4.6 Fighting
 + Level 6.1 Short Blades
 - Level 6.1 Dodging
 + Level 13.2 Stealth
 - Level 5.2 Spellcasting
 * Level 8.6 Hexes
 - Level 4.4 Summonings


You had 6 spell levels left.
You knew the following spells:

 Your Spells              Type           Power      Damage    Failure   Level
a - Summon Small Mammal   Summ           76%        N/A       2%          1
b - Call Imp              Summ           19%        N/A       3%          2
c - Call Canine Familiar  Summ           19%        N/A       7%          3
d - Summon Guardian Gole  Hex/Summ       26%        N/A       2%          3
e - Apportation           Tloc           8%         N/A       14%         1
f - Dazzling Flash        Conj/Hex       38%        N/A       7%          3

Your spell library contained the following spells:

 Spells                   Type           Power      Damage    Failure   Level
 Inner Flame              Hex/Fire       19%        N/A       7%          3
 Foxfire                  Conj/Fire      16%        2x1d4     14%         1
 Magic Dart               Conj           16%        1d3       14%         1
 Sandblast                Erth           8%         2d5       14%         1
 Passwall                 Tmut/Erth      3%         N/A       22%         2
 Searing Ray              Conj           8%         2d4       22%         2
 Fulminant Prism          Conj/Hex       9%         3d7       24%         4
 Conjure Flame            Conj/Fire      4%         6-21      38%         3
 Ignite Poison            Fire/Tmut/Pois 4%         N/A       38%         3
 Stone Arrow              Conj/Erth      8%         3d7       38%         3
 Summon Lightning Spire   Summ/Air       12%        N/A       50%         4
 Flame Wave               Conj/Fire      4%         2d5       80%         4
 Iskenderun's Mystic Bla  Conj/Tloc      4%         2d3       80%         4
 Sticky Flame             Conj/Fire      4%         2d3       80%         4
 Alistair's Intoxication  Tmut/Pois      2%         N/A       98%         5
 Starburst                Conj/Fire      2%         6d3       100%        6


Dungeon Overview and Level Annotations

Branches:
Dungeon (9/15)             Temple (0/1) D:4            Lair (0/6) D:9
  Sewer (visited)
    Orc: D:9-12

Altars:
Dithmenos

Shops:
D:5 *

Annotations:
D:2 Sigmund
D:7 2 runed translucent doors, mfcas's ghost, weakling DECj
D:9 exclusions: hornet and yak, Erica


Innate Abilities, Weirdness & Mutations

You are very small and have problems with some larger weapons.
You are too small for most types of armour.
You have supernaturally acute eyesight. (SInv)
You cover ground extremely quickly. (Speed+++)
You are clumsy. (Dex -2)
You are somewhat resistant to further mutation.
Your muscles are strong. (Str +2)


Message History

Confirm with . or Enter, or press ? or * to list all spells.
Casting: Dazzling Flash (dangerous; 7% risk of failure)
Press: ? - help, Dir - look around, f - activate The water moccasin is dazzled.
The water moccasin bites you but does no damage.
The water moccasin closely misses you.
Unknown command.
You hit the water moccasin.
The water moccasin is lightly wounded.
The basilisk bites you!
You hit the water moccasin.
The water moccasin is lightly wounded.
The basilisk gazes at you.
You are slowing down.
The water moccasin barely misses you. The water moccasin closely misses you.
Your limbs are stiffening.
There is a stone staircase leading up here.
The water moccasin is no longer blind.
The water moccasin barely misses you. The water moccasin misses you.
The basilisk gazes at you. You resist with almost no effort.
You have turned to stone.
The wight barely misses you. The water moccasin bites you!
The basilisk bites you!
The basilisk looks more healthy.
The water moccasin bites you.
The wight hits you from afar with a +4 trident.
The basilisk gazes at you. You resist with almost no effort.
The water moccasin bites you.
* * * LOW HITPOINT WARNING * * *
The wight hits you from afar with a +4 trident!
* * * LOW HITPOINT WARNING * * *
The water moccasin bites you.
* * * LOW HITPOINT WARNING * * *
The basilisk hisses menacingly.
The basilisk barely misses you. The water moccasin bites you.
* * * LOW HITPOINT WARNING * * *
The wight hits you from afar with a +4 trident.
* * * LOW HITPOINT WARNING * * *
The basilisk bites you!
You die...

## # #. # #.#.# .#
.##.#.####.##
........(...#
#..@....# #.lS....#
#.z.?...# #######
###.......#
##.....###.#.[.....#
#....<............$#
##.......#........##
##.....#.........#
#........#.....?#


You could see a basilisk, a water moccasin and a wight.

Vanquished Creatures
  Erolcha (D:9)
  Pikel (D:9)
  2 wyverns
  4 water moccasins
  An orc warrior (D:7)
  3 black bears
  A necrophage (D:3)
  4 ogres
  A wolf (D:8)
  2 centaurs
  Blork the orc (D:5)
  A bullfrog (D:6)
  6 scorpions
  A water moccasin zombie (D:7)
  5 killer bees (D:8)
  3 wights (D:8)
  3 howler monkeys
  3 hounds
  2 gnoll shamans (D:8)
  3 orc priests
  A centaur skeleton (D:6)
  2 bullfrog skeletons
  5 iguanas
  7 orc wizards
  A hell rat (Sewer)
  A killer bee zombie (D:8)
  A hound skeleton (D:3)
  11 gnolls
  2 howler monkey skeletons
  6 adders
  2 river rats
  A shadow imp (D:5)
  2 white imps
  2 ufetubi (D:5)
  3 worms (D:2)
  28 orcs
  8 endoplasms
  2 giant cockroaches (D:2)
  5 goblins
  10 hobgoblins
  2 quokkas
  5 ball pythons
  3 bats (D:3)
  3 frilled lizards
  9 kobolds
  10 rats
180 creatures vanquished.

Vanquished Creatures (collateral kills)
  A sky beast (D:5)
  5 wights (D:8)
  A jelly (D:4)
  A centaur zombie (D:7)
  An orc priest (D:3)
  An adder (D:3)
  2 river rats (D:4)
  A white imp (D:4)
  A worm (D:4)
  An endoplasm (D:1)
  A goblin (D:1)
  A hobgoblin (D:1)
  2 kobolds (D:1)
  2 ball pythons (D:4)
21 creatures vanquished.

Vanquished Creatures (others)
  A fungus (D:9)
  10 plants (D:9)
11 creatures vanquished.

Grand Total: 212 creatures vanquished

Notes
Turn   | Place    | Note
-------+----------+-------------------------------------------
     0 | D:1      | Baz the Spriggan Summoner began the quest for the Orb.
     0 | D:1      | Reached XP level 1. HP: 9/9 MP: 5/5
   267 | D:1      | Reached XP level 2. HP: 4/13 MP: 3/6
   691 | D:1      | Found a faded altar of an unknown god.
   953 | D:1      | Prayed at the altar of an unknown god.
   953 | D:1      | Became a worshipper of Dithmenos the Shadowed
   953 | D:1      | Reached * piety under Dithmenos
  1471 | D:2      | Identified the +9 hunting sling "Tenteapt" {venom, Fragile
                  | rF+++ rC- Str+3}
  1473 | D:2      | Noticed Sigmund
  1627 | D:2      | Learned a level 2 spell: Call Imp
  2105 | D:2      | Reached XP level 3. HP: 10/16 MP: 8/8
  2247 | D:2      | Reached skill level 4 in Stealth
  2483 | D:2      | Reached XP level 4. HP: 21/21 MP: 7/10
  2619 | D:2      | Reached skill level 5 in Stealth
  3344 | D:3      | Reached ** piety under Dithmenos
  3382 | D:3      | Identified the +6 quarterstaff "Ollav" {freeze, Str+4}
  3431 | D:3      | Noticed a necrophage
  3485 | D:3      | Killed a necrophage
  3486 | D:3      | Reached skill level 6 in Stealth
  3486 | D:3      | Reached XP level 5. HP: 19/24 MP: 9/12
  4002 | D:3      | Learned a level 3 spell: Call Canine Familiar
  4141 | D:3      | Reached XP level 6. HP: 19/28 MP: 13/13
  4483 | D:3      | Reached skill level 7 in Stealth
  4818 | D:4      | Found a staircase to the Ecumenical Temple.
  4879 | D:4      | Reached skill level 5 in Dodging
  4907 | D:4      | Reached XP level 7. HP: 30/32 MP: 15/15
  4954 | D:4      | Found a glowing drain.
  4973 | D:4      | Reached *** piety under Dithmenos
  4981 | D:4      | Reached skill level 8 in Stealth
  4981 | D:4      | Reached skill level 5 in Spellcasting
  5060 | Sewer    | Entered a sewer
  5956 | D:4      | Learned a level 3 spell: Summon Guardian Golem
  6105 | D:5      | Entered Level 5 of the Dungeon
  6210 | D:5      | Found Jiamo's General Store.
  6213 | D:5      | Found Tygot's Specific Store.
  6464 | D:5      | Bought a scroll of magic mapping for 42 gold pieces
  6563 | D:5      | Reached skill level 1 in Short Blades
  6563 | D:5      | Reached skill level 9 in Stealth
  6616 | D:5      | Noticed Blork the orc
  6636 | D:5      | Reached skill level 1 in Fighting
  6746 | D:5      | Killed Blork the orc
  6747 | D:5      | Reached XP level 8. HP: 37/37 MP: 16/16
  6933 | D:5      | Learned a level 1 spell: Apportation
  7829 | D:6      | Reached skill level 10 in Stealth
  7829 | D:6      | Reached skill level 1 in Hexes
  8378 | D:6      | Reached **** piety under Dithmenos
  8463 | D:6      | Reached skill level 11 in Stealth
  8724 | D:7      | Learned a level 3 spell: Dazzling Flash
  8835 | D:7      | Reached XP level 9. HP: 43/43 MP: 17/17
  9631 | D:7      | Reached skill level 5 in Hexes
  9859 | D:7      | Found a large runed translucent door.
  9859 | D:7      | Found a large runed translucent door.
  9864 | D:7      | Noticed mfcas's ghost (weakling DECj)
 10312 | D:8      | Reached skill level 12 in Stealth
 10739 | D:8      | Reached ***** piety under Dithmenos
 11146 | D:8      | Reached skill level 5 in Short Blades
 11562 | D:9      | Noticed Erolcha
 11604 | D:9      | Found a staircase to the Lair.
 11801 | D:9      | Noticed Erica
 11983 | D:9      | Noticed Pikel
 11984 | D:9      | Killed Pikel
 11985 | D:9      | Reached XP level 10. HP: 50/50 MP: 18/18
 11988 | D:9      | Killed Erolcha
 11989 | D:9      | Reached skill level 13 in Stealth
 12075 | D:8      | Gained mutation: Your muscles are strong. (Str +2) [potion
                  | of mutation]
 12075 | D:8      | Gained mutation: You are somewhat resistant to further
                  | mutation. [potion of mutation]
 12075 | D:8      | Gained mutation: You are clumsy. (Dex -2) [potion of
                  | mutation]
 12862 | D:9      | Slain by a basilisk

Illustrated notes

Levels and vault maps discovered:
D:1:      eino_arrival_water_cross, layout_basic,
          shapermc_ecumenical_altar_totnotflames
D:2:      minmay_angry_zag, layout_basic, uniq_sigmund
D:3:      minmay_recursive_quarters, layout_basic, kennysheep_generic_room_4
D:4:      layout_rooms, minmay_temple_entry_mist, portal_sewer_entry_a
D:5:      layout_layer_cave, minmay_misc_feat_square,
          corexii_mini_fake_secret_closet, nicolae_specific_store,
          uniq_blork_the_orc
D:6:      layout_basic
D:7:      layout_basic, ebering_ghost_disaster_area
D:8:      layout_loops_ring
D:9:      layout_loops_cross, minmay_lair_entry_grove, david_orc_1_choice,
          special_room [special_room_bee], gammafunk_ghost_hydra_chop,
          serial_shops, shop_fountains, kennysheep_crisscross, uniq_erica,
          uniq_pikel, uniq_erolcha

Skill      XL: |  1  2  3  4  5  6  7  8  9 10 |
---------------+-------------------------------+-----
Dodging        | 3 4 5 6 |  6.1
Spellcasting   | 3 4 5 |  5.2
Stealth        | 4 6 7 9 11 12 13 | 13.2
Summonings     | 4 |  4.4
Short Blades   | 1 3 5 6 |  6.1
Fighting       | 1 2 4 |  4.6
Hexes          | 4 7 8 |  8.6

Action                   |  1- 3 |  4- 6 |  7- 9 | 10-12 || total
-------------------------+-------+-------+-------+-------++-------
Melee: Dagger            |    95 |   140 |   375 |    56 ||   666
       Unarmed           |     1 |       |       |       ||     1
       Punch             |     2 |     1 |     5 |     1 ||     9
 Cast: Summon Small Mamm |    11 |     3 |       |     2 ||    16
       Call Imp          |       |     4 |     8 |     4 ||    16
       Call Canine Famil |       |       |    13 |     7 ||    20
       Dazzling Flash    |       |       |     6 |     1 ||     7
Invok: Shadow Step       |       |       |     1 |       ||     1
  Use: Potion            |       |       |       |     5 ||     5
       Scroll            |       |       |       |     3 ||     3
 Stab: Sleeping          |     9 |    15 |    34 |     1 ||    59
       Distracted        |     1 |     1 |     2 |     1 ||     5
       Invisible         |       |       |     4 |       ||     4
Armor: Robe              |     4 |     9 |    25 |     7 ||    45
Dodge: Dodged            |    57 |   117 |   355 |    92 ||   621
